General information
- name: BNet
- type: Ladder team game (AT/RT)
- host: Battle.net
- saver: NUTSONYOCHIN.de
map: GoldRush
- players: 8
- length: 04:14
- speed: Fast
- version: 1.21 W3XP
- replay type:

» download(31 KB)
Players
team 1 (winner)
bLinn (
red | 74 APM | 313 actions | 04:13)
1 Pandaren Brewmaster
1 Breath of Fire
» actions
| Assign group hotkey | 21 | |
| Basic commands | 2 | |
| Build / train | 19 | |
| Enter build submenu | 9 | |
| Enter hero's abilities submenu | 1 | |
| Right click | 153 | |
| Select / deselect | 65 | |
| Select group hotkey | 31 | |
| Use ability | 12 | |
313 total
» units
» buildings
| Ancient of War | 3 | |
| Tree of Life | 1 | |
| Altar of Elders | 1 | |
| Moon Well | 2 | |
7 total
» build order
00:45 Ancient of War
00:59 Tree of Life
01:15 Altar of Elders
01:42 Moon Well
01:49 Ancient of War
03:13 Moon Well
03:59 Ancient of War
CRYTEARSOFBLOOD (
teal | 119 APM | 504 actions | 04:13)
2 Archmage
1 Summon Water Elemental
1 Brilliance Aura
» actions
| Assign group hotkey | 10 | |
| Basic commands | 5 | |
| Build / train | 24 | |
| Enter build submenu | 8 | |
| Enter hero's abilities submenu | 2 | |
| Right click | 233 | |
| Select / deselect | 136 | |
| Select group hotkey | 69 | |
| Use ability | 17 | |
504 total
» units
» buildings
| Altar of Kings | 1 | |
| Farm | 3 | |
| Scout Tower | 3 | |
| Arcane Tower | 4 | |
11 total
» build order
00:06 Altar of Kings
00:08 Farm
01:04 Farm
03:41 Scout Tower
03:44 Farm
03:46 Scout Tower
03:47 Scout Tower
04:00 Arcane Tower
04:06 Arcane Tower
04:06 Arcane Tower
iggy_the_fisk (
pink | 116 APM | 488 actions | 04:13)
2 Archmage
1 Summon Water Elemental
1 Brilliance Aura
» actions
| Assign group hotkey | 83 | |
| Basic commands | 3 | |
| Build / train | 22 | |
| Enter build submenu | 8 | |
| Enter hero's abilities submenu | 2 | |
| Right click | 238 | |
| Select / deselect | 74 | |
| Select group hotkey | 38 | |
| Use ability | 20 | |
488 total
» units
» buildings
| Altar of Kings | 1 | |
| Farm | 3 | |
| Lumber Mill | 1 | |
| Scout Tower | 2 | |
| Guard Tower | 2 | |
9 total
» build order
00:08 Altar of Kings
00:15 Farm
01:05 Farm
01:47 Farm
02:26 Lumber Mill
03:08 Scout Tower
03:37 Guard Tower
03:38 Scout Tower
04:10 Guard Tower
NUTSONYOCHIN.de (
yellow | 59 APM | 250 actions | 04:14)
1 Pandaren Brewmaster
1 Breath of Fire
» actions
| Assign group hotkey | 1 | |
| Basic commands | 3 | |
| Build / train | 15 | |
| ESC pressed | 2 | |
| Enter build submenu | 6 | |
| Enter hero's abilities submenu | 1 | |
| Right click | 132 | |
| Select / deselect | 49 | |
| Select group hotkey | 28 | |
| Use ability | 13 | |
250 total
» units
» buildings
| Moon Well | 1 | |
| Tree of Life | 1 | |
| Altar of Elders | 1 | |
| Tree of Ages | 1 | |
| Hunter's Hall | 1 | |
5 total
» build order
00:13 Moon Well
01:04 Tree of Life
01:27 Altar of Elders
02:39 Tree of Ages
04:04 Hunter's Hall
team 2 (loser)
BloodyWind (
blue | 22 APM | 93 actions | 04:12)
1 Death Knight
1 Unholy Aura
» actions
| Build / train | 11 | |
| Enter build submenu | 4 | |
| Enter hero's abilities submenu | 1 | |
| Right click | 34 | |
| Select / deselect | 38 | |
| Use ability | 5 | |
93 total
» units
» buildings
| Crypt | 1 | |
| Altar of Darkness | 1 | |
| Ziggurat | 2 | |
| Nerubian Tower | 1 | |
5 total
» build order
00:11 Crypt
00:14 Altar of Darkness
00:19 Ziggurat
01:52 Ziggurat
02:23 Nerubian Tower
fromKhv (
purple | 29 APM | 119 actions | 04:05)
1 Mountain King
1 Storm Bolt
» actions
| Assign group hotkey | 2 | |
| Build / train | 11 | |
| Enter build submenu | 8 | |
| Enter hero's abilities submenu | 1 | |
| Right click | 18 | |
| Select / deselect | 51 | |
| Select group hotkey | 12 | |
| Use ability | 16 | |
119 total
» units
» buildings
| Altar of Kings | 1 | |
| Barracks | 1 | |
| Farm | 2 | |
| Lumber Mill | 1 | |
| Scout Tower | 4 | |
9 total
» build order
00:15 Altar of Kings
00:21 Barracks
00:32 Farm
00:33 Farm
01:28 Lumber Mill
02:46 Scout Tower
02:48 Scout Tower
02:49 Scout Tower
02:54 Scout Tower
WENIK (
green | 42 APM | 172 actions | 04:08)
1 Blademaster
1 Wind Walk
» actions
| Assign group hotkey | 1 | |
| Basic commands | 16 | |
| Build / train | 18 | |
| Enter build submenu | 5 | |
| Enter hero's abilities submenu | 1 | |
| Right click | 72 | |
| Select / deselect | 49 | |
| Select group hotkey | 5 | |
| Use ability | 5 | |
172 total
» units
» buildings
| Altar of Storms | 1 | |
| Orc Burrow | 2 | |
| Barracks | 1 | |
| Voodoo Lounge | 1 | |
5 total
» build order
00:06 Altar of Storms
00:10 Orc Burrow
00:30 Barracks
02:09 Orc Burrow
02:59 Voodoo Lounge
Werewolf97 (
orange | 29 APM | 124 actions | 04:12)
1 Blademaster
1 Critical Strike
» actions
| Build / train | 7 | |
| Enter build submenu | 4 | |
| Enter hero's abilities submenu | 1 | |
| Right click | 48 | |
| Select / deselect | 59 | |
| Use ability | 5 | |
124 total
» units
» buildings
| Altar of Storms | 1 | |
| Orc Burrow | 1 | |
| Barracks | 1 | |
| War Mill | 1 | |
4 total
» build order
00:06 Altar of Storms
00:10 Orc Burrow
00:32 Barracks
02:58 War Mill
Chat log
(00:10 / All) fromKhv: hi ru
(00:19 / All) bLinn: Russian Federation.
(00:19 / All) NUTSONYOCHIN.de: )
(01:29 / All) CRYTEARSOFBLOOD: GOO PEONS
(01:32 / All) CRYTEARSOFBLOOD: ROFL LOOK AT ORANGE
(01:36 / All) CRYTEARSOFBLOOD: LOOK AT ORANGE ATTACK
(01:38 / All) CRYTEARSOFBLOOD: WIT PEONS
(01:47 / All) CRYTEARSOFBLOOD: ORANGE